 Dungeon Crawl Stone Soup version 0.31-a0-232-gb1c03b2570 (webtiles) character file.

Game seed: 10281758149096003983

60 Edyrem the Shooter (level 4, -1/28 HPs)
             Began as a Tengu Hunter on July 7, 2023.
             Slain by an orc wizard
             ... wielding a +0 dagger
              (2 damage)
             ... on level 3 of the Dungeon.
             The game lasted 00:05:22 (1747 turns).

Edyrem the Shooter (Tengu Hunter)                   Turns: 1747, Time: 00:05:22

Health: -1/28      AC:  8    Str: 12    XL:     4   Next: 6%
Magic:  5/5        EV: 13    Int:  9    God:
Gold:   169        SH:  0    Dex: 21    Spells: 3/3 levels left

rFire   . . .        a - +0 shortbow
rCold   . . .        (shield currently unavailable)
rNeg    . . .        c - +0 leather armour
rPois   .            (helmet restricted)
rElec   .            (no cloak)
rCorr   .            w - +0 pair of gloves
SInv    .            (boots unavailable)
Will    .....        v - amulet of the Wicked Coconut {RegenMP Dex+2}
Stlth   ++           s - +4 ring of protection
HPRegen 0.24/turn    (no ring)
MPRegen 0.49/turn

%: no passive effects
@: no status effects
A: beak, talons 3
a: no special abilities


You were on level 3 of the Dungeon.
You visited 1 branch of the dungeon, and saw 3 of its levels.

You collected 169 gold pieces.

Inventory:

Hand Weapons
 a - a +0 shortbow (weapon)
 b - a +2 vampiric dagger
Armour
 c - a +0 leather armour (worn)
 h - an orb of energy
 w - a +0 pair of gloves (worn)
Jewellery
 o - a ring of magical power
 s - a +4 ring of protection (left hand)
 v - the amulet of the Wicked Coconut (around neck) {RegenMP Dex+2}
   (You found it on level 2 of the Dungeon)

   [amulet of magic regeneration]

   It increases your rate of magic regeneration.
   Dex:       It affects your dexterity (+2).
Scrolls
 d - a scroll of vulnerability {unknown}
 e - a scroll of noise {unknown}
 g - a scroll of immolation {unknown}
 j - a scroll of butterflies
 m - a scroll of amnesia {unknown}
 n - 6 scrolls of identify {unknown}
 q - a scroll of summoning {unknown}
 r - a scroll of revelation {unknown}
 t - a scroll of brand weapon {unknown}
Potions
 f - 2 potions of enlightenment {unknown}
 i - a potion of degeneration {unknown}
 k - a potion of curing {unknown}
 l - a potion of magic {unknown}
 p - a potion of ambrosia {unknown}
 u - a potion of heal wounds {unknown}


   Skills:
 * Level 3.1 Fighting
 * Level 5.1 Ranged Weapons
 + Level 2.8 Dodging
 - Level 1.0 Stealth


You had 3 spell levels left.
You didn't know any spells.
Your spell library was empty.

Dungeon Overview and Level Annotations

Branches:
Dungeon (3/15)

Altars:


Innate Abilities, Weirdness & Mutations

You have a beak for a mouth.
You have claws for feet.


Message History

The arrow hits the orc but does no damage.
The orc wizard hits you but does no damage.
You shoot an arrow.
The arrow completely misses the orc wizard.
The orc wizard closely misses you.
The orc throws a boomerang.
The boomerang hits you.
You shoot an arrow.
The arrow closely misses the orc wizard.
The orc wizard mumbles some strange words.
The orc wizard flickers and vanishes!
Deactivating autopickup; reactivate with Ctrl-A.
The orc throws a boomerang.
The boomerang hits you.
You hear some strange, mumbled words.
A puff of flame appears from out of thin air!
The puff of flame hits you.
An orc wizard comes into view. It is wielding a +0 dagger.
Fire: a) +0 shortbow
Press: ? - help, Q - select action Shift-Dir - straight line, f - orc
Aim: an orc, wielding a +2 hand axe of distortion and quivering boomerangs (65% to hit)
You shoot an arrow. The arrow hits the orc.
The orc is moderately wounded.
Something hits you but does no damage.
The orc throws a boomerang.
The boomerang closely misses you. Something hits you.
Fire: a) +0 shortbow
Press: ? - help, Q - select action Shift-Dir - straight line, f/p - orc
Aim: an orc, wielding a +2 hand axe of distortion and quivering boomerangs (moderately wounded, 65% to hit)
You shoot an arrow. The arrow hits the orc!
You kill the orc!
Something hits you. x2
* * * LOW HITPOINT WARNING * * *
The orc attacks as you move away! The orc hits you but does no damage.
Something hits you but does no damage.
You see here a +0 short sword.
Something completely misses you. Something hits you but does no damage.
Something hits you.
* * * LOW HITPOINT WARNING * * *
The orc wizard gestures wildly while chanting.
The orc wizard flickers and vanishes!
Something hits you.
You die...

##..###..)#.♣P..
###........#.....
##......#.##......
##..##..............
.........####.......
...##...####.{......
##.†###.<......
#†##........##
#..@{).##.###
#...o..# ###........
...........
...........#
#.........###
###.._..### #######


You could see an orc.

Vanquished Creatures
  An adder (D:3)
  3 dart slugs
  2 orcs (D:3)
  5 ball pythons
  2 endoplasms (D:1)
  2 giant cockroaches (D:1)
  4 goblins
  4 hobgoblins (D:1)
  4 jackals (D:3)
  2 kobolds (D:1)
  A quokka (D:3)
  3 bats
  2 frilled lizards
  3 rats
38 creatures vanquished.

Notes
Turn   | Place    | Note
-------+----------+-------------------------------------------
     0 | D:1      | Edyrem the Tengu Hunter began the quest for the Orb.
     0 | D:1      | Reached XP level 1. HP: 12/12 MP: 2/2
   163 | D:1      | Reached XP level 2. HP: 17/17 MP: 3/3
   548 | D:1      | Reached XP level 3. HP: 22/22 MP: 4/4
  1220 | D:2      | Identified the amulet of the Wicked Coconut {RegenMP Dex+2}
  1621 | D:3      | Reached skill level 5 in Ranged Weapons
  1713 | D:3      | Reached XP level 4. HP: 24/28 MP: 5/5
  1729 | D:3      | Found a faded altar of an unknown god.
  1746 | D:3      | HP: 1/28 [something (4)]
  1747 | D:3      | Slain by an orc wizard

Illustrated notes

Levels and vault maps discovered:
D:1:      psy_arrival_radial02, layout_basic
D:2:      layout_basic, hangedman_decor_growths
D:3:      layout_rooms, serial_forest, infiniplex_forest_straight_2,
          infiniplex_forest_lined_2, infiniplex_forest_clump_small,
          infiniplex_forest_clump_cross, infiniplex_forest_end_1,
          infiniplex_forest_clump_curved, infiniplex_forest_end_1,
          hellmonk_ecumenical_altar_zigzags, nicolae_figureground_pulse

Skill      XL: |  1  2  3 |
---------------+----------+-----
Ranged Weapons | 5 |  5.1
Fighting       | 3 |  3.1
Dodging        | |  2.8
Stealth        | |  1.0

Action                     |  1- 3 |  4- 6 || total
---------------------------+-------+-------++-------
   Fire: Shortbow          |    74 |    11 ||    85
 Armour: Leather armour    |    15 |     5 ||    20
  Dodge: Dodged            |    21 |     4 ||    25

Table legend: (Time is in decaauts)
 A = Elapsed time spent in this place.
 B = Non-inter-level travel time spent in this place.
 C = Inter-level travel time spent in this place.
 D = Time resting spent in this place.
 E = Time spent auto-exploring this place.
 F = Levels seen in this place.
 G = Mean time per level.
                   A        B        C        D        E       F      G
               +--------+--------+--------+--------+--------+-----+--------+
         Total |   1763 |   1636 |    127 |     10 |   1411 |   3 |  587.7 |
       Dungeon |   1763 |   1636 |    127 |     10 |   1411 |   3 |  587.7 |
               +--------+--------+--------+--------+--------+-----+--------+

Top non-repeatable levels by time:
     D:1: 795 daAuts
     D:2: 772 daAuts
     D:3: 195 daAuts
